Senators vs Rafales
Created - March 2, 2020 at 19:21
Goals
|
| Senators |
0 |
1 |
2 |
3 |
| Rafales |
2 |
1 |
4 |
7 |
|
Shots
|
| Senators |
7 |
3 |
15 |
25 |
| Rafales |
7 |
3 |
17 |
27 |
|
1st period
1. Rafales , Connor Murphy 9 (Ryan Bourque 6) at 11:14
2. Rafales , Carl Klingberg 29 (Andrew Shaw 51, Connor Murphy 28) at 13:54
Penalties :
Mason Geertsen (BIN) for Roughing (Minor) at 1:03, Chandler Stephenson (BIN) for Roughing (Minor) at 6:59, Jayson Megna (Stf) for Boarding (Minor) at 14:35, Jan Mursak (BIN) for Hooking (Minor) at 15:42
2nd period
3. Rafales , Tim Crowder 23 (Joe Labate 6, Maksim Mayorov 14) at 4:51
4. Senators , Matt Frattin 40 (Zemgus Girgensons 43) at 17:32
Penalties :
Jake Evans (BIN) for Tripping (Minor) at 7:51, Dylan Blujus (BIN) for Hooking (Minor) at 12:47
3rd period
5. Rafales , Chris Terry 8 (Brian Ferlin 22, Connor Murphy 29) at 3:22
6. Senators , Matt Frattin 41 (Zemgus Girgensons 44) at 4:50
7. Rafales , Andrew Shaw 32 (Carl Klingberg 33) at 8:24
8. Rafales , Andrew Shaw 33 (Carl Klingberg 34, Bruno Gervais 19) at 12:37
9. Senators , Nick Foligno 40 (Matt Frattin 45, Keegan Lowe 24) at 12:46
10. Rafales , Connor Murphy 10 (Andrew Shaw 52, Nathan Davis 32) at 14:57 (PP)
Penalties :
Ben Thomson (Stf) for Holding (Minor) at 10:21, Jack Dougherty (BIN) for Hooking (Minor) at 10:28, Brett Bulmer (BIN) for Tripping (Minor) at 13:45
Goalie Stats
Justin Peters (BIN), 14 saves from 18 shots - (0.778), L, 20-17-2, 43:22 minutes
Keven Bouchard (BIN), 6 saves from 9 shots - (0.667), 16:38 minutes
Leland Irving (Stf), 22 saves from 25 shots - (0.880), W, 12-11-1, 60:00 minutes
Players Stats for Senators
Player Name G A P +/- PIM S H SB GA TA FO MP PP MP PK MP
------------------------------------------------------------------------------------
Adam Ollas-Mattsson 0 0 0 -2 0 0 1 1 0 0 0/0 9:59 0:00 0:53
Andy Andreoff 0 0 0 -2 0 2 0 0 2 0 0/0 14:14 0:00 4:34
Blake Coleman 0 0 0 0 0 0 0 0 0 0 1/2 6:41 0:00 0:00
Brett Bulmer 0 0 0 0 2 0 1 0 0 0 0/0 6:40 0:00 0:00
Chandler Stephenson 0 0 0 -1 2 1 2 0 0 1 2/5 14:38 0:32 0:00
Dylan Blujus 0 0 0 -1 2 2 3 1 1 2 0/0 27:46 0:27 3:36
Grant Besse 0 0 0 -3 0 4 1 0 0 0 1/1 9:53 0:00 0:00
Jack Dougherty 0 0 0 -1 2 0 0 1 0 0 0/0 21:00 0:46 5:50
Jake Evans 0 0 0 -3 2 1 1 0 0 0 7/12 9:53 0:00 0:00
Jan Mursak 0 0 0 -1 2 3 4 1 0 1 1/1 20:01 0:31 4:25
Keegan Lowe 0 1 1 -1 0 1 3 2 0 1 0/0 28:22 0:27 3:39
Mason Geertsen 0 0 0 -1 2 0 1 0 0 0 0/0 10:19 0:00 0:46
Matt Frattin 2 1 3 2 0 3 0 0 0 1 6/6 18:50 0:42 2:56
Maxim Letunov 0 0 0 -1 0 0 0 0 0 0 0/0 0:57 0:00 0:14
Nick Foligno 1 0 1 2 0 5 3 0 3 2 9/10 22:36 0:42 5:22
Patrick Maroon 0 0 0 0 0 1 2 1 0 0 0/1 8:55 0:00 2:15
Scott Harrington 0 0 0 -1 0 1 3 2 0 1 0/0 21:49 0:47 5:57
Tomas Jurco 0 0 0 -1 0 0 1 0 1 0 0/0 14:11 0:32 0:00
Warren Foegele 0 0 0 -2 0 0 0 0 0 0 0/0 2:56 0:00 0:13
Zemgus Girgensons 0 2 2 2 0 1 2 0 1 0 11/26 17:07 0:42 0:48
Players Stats for Rafales
Player Name G A P +/- PIM S H SB GA TA FO MP PP MP PK MP
------------------------------------------------------------------------------------
Akim Aliu 0 0 0 0 0 0 0 0 0 0 0/0 0:48 0:12 0:00
Andrew Shaw 2 2 4 2 0 5 2 0 3 0 2/6 23:00 5:42 0:51
Ben Johnson 0 0 0 0 0 0 0 0 0 0 0/0 0:00 0:00 0:00
Ben Sexton 0 0 0 0 0 0 0 0 0 0 0/0 0:00 0:00 0:00
Ben Thomson 0 0 0 2 2 1 1 1 0 0 0/0 7:47 0:07 0:00
Borna Rendulic 0 0 0 1 0 0 1 0 0 0 0/0 7:34 0:03 0:00
Brad Ross 0 0 0 0 0 0 0 0 0 0 0/0 0:00 0:00 0:00
Brian Ferlin 0 1 1 0 0 1 0 0 3 0 0/0 17:02 4:29 0:23
Bruno Gervais 0 1 1 2 0 2 0 2 1 2 0/0 28:27 6:43 0:51
Carl Klingberg 1 2 3 2 0 3 2 0 1 0 1/2 22:54 5:41 0:51
Chris Terry 1 0 1 0 0 4 5 1 0 1 0/1 16:13 4:29 0:00
Connor Murphy 2 2 4 2 0 2 2 2 1 3 0/0 28:27 6:43 0:51
Dylan McIlrath 0 0 0 0 0 0 0 2 0 0 0/0 20:49 3:39 0:23
James Marcou 0 0 0 0 0 0 0 0 0 0 0/1 1:03 0:18 0:00
Jayson Megna 0 0 0 0 2 0 2 1 0 0 2/6 16:03 4:23 0:00
Joe Labate 0 1 1 0 0 1 2 0 0 1 4/8 11:39 0:00 0:00
Joey Laleggia 0 0 0 1 0 1 0 1 0 0 0/0 10:44 0:00 0:00
Julian Melchiori 0 0 0 0 0 0 1 2 0 0 0/0 20:49 3:39 0:23
Kevin Veilleux 0 0 0 0 0 0 0 0 0 0 0/0 0:00 0:00 0:00
Maksim Mayorov 0 1 1 0 0 2 2 1 0 0 0/0 11:39 0:00 0:00
Nathan Davis 0 1 1 1 0 2 2 0 0 0 15/36 21:08 5:42 0:23
Ryan Bourque 0 1 1 1 0 0 1 0 0 0 2/4 7:31 0:00 0:00
Slater Koekkoek 0 0 0 1 0 0 0 0 0 1 0/0 10:44 0:00 0:00
Tim Crowder 1 0 1 0 0 3 0 0 0 0 0/0 11:39 0:00 0:00
Tyrell Goulbourne 0 0 0 0 0 0 0 0 0 0 0/0 0:00 0:00 0:00
3 Stars
1 - Connor Murphy (Stf)
2 - Andrew Shaw (Stf)
3 - Carl Klingberg (Stf)
Power Play
Senators - 0 on 2 Attempt(s) - 0.00%
Rafales - 1 on 7 Attempt(s) - 14.29%
Penalty Kill
Senators - 6 on 7 Attempt(s) - 85.71%
- Score 0 goal in Penalty Kill
Rafales - 2 on 2 Attempt(s) - 100.00%
- Score 0 goal in Penalty Kill
Team Stat
Senators - Hits : 28 - Faceoff Wins : 38 - Blocked Shots : 9 - Penalty Minutes : 14
Rafales - Hits : 23 - Faceoff Wins : 26 - Blocked Shots : 13 - Penalty Minutes : 4
Official
Referees : Unknown
Linesman : Unknown
Game Notes
Keven Bouchard enters game at 3:22 of 3rd period
Finance
Level 1 -- Attendance: 1377 (68.85%) -- Ticket Income $55,080
Level 2 -- Attendance: 695 (69.50%) -- Ticket Income $13,900
Total Attendance: 2072 (69.07%)
Total Ticket Income: $68,980
Other Income: $3,449
Total Income: $72,429
Senators
5 vs 5 Forward
Center Left Wing Right Wing Time % Phy DF OF
1 Zemgus Girgensons Nick Foligno Matt Frattin 40 1 2 2
2 Chandler Stephenson Jan Mursak Tomas Jurco 30 1 2 2
3 Jake Evans Andy Andreoff Grant Besse 20 1 2 2
4 Blake Coleman Patrick Maroon Brett Bulmer 10 1 2 2
5 vs 5 Defense
Defense Defense Time % Phy DF OF
1 Keegan Lowe Dylan Blujus 40 1 2 2
2 Scott Harrington Jack Dougherty 30 1 2 2
3 Mason Geertsen Adam Ollas-Mattsson 20 1 2 2
4 Keegan Lowe Dylan Blujus 10 1 2 2
PowerPlay Forward
Center Left Wing Right Wing Time % Phy DF OF
1 Zemgus Girgensons Nick Foligno Matt Frattin 60 1 2 2
2 Chandler Stephenson Jan Mursak Tomas Jurco 40 1 2 2
PowerPlay Defense
Defense Defense Time % Phy DF OF
1 Keegan Lowe Dylan Blujus 60 1 2 2
2 Scott Harrington Jack Dougherty 40 1 2 2
Penalty Kill 4 Players Forward
Center Wing Time % Phy DF OF
1 Nick Foligno Jan Mursak 60 1 2 2
2 Matt Frattin Andy Andreoff 40 1 2 2
Penalty Kill 4 Players Defense
Defense Defense Time % Phy DF OF
1 Keegan Lowe Dylan Blujus 60 1 2 2
2 Scott Harrington Jack Dougherty 40 1 2 2
Penalty Kill - 3 Players Forward
Forward Time % Phy DF OF
1 Nick Foligno 60 1 2 2
2 Jan Mursak 40 1 2 2
Penalty Kill - 3 Players Defense
Defense Defense Time % Phy DF OF
1 Keegan Lowe Dylan Blujus 60 1 2 2
2 Scott Harrington Jack Dougherty 40 1 2 2
4 vs 4 Forward
Center Wing Time % Phy DF OF
1 Nick Foligno Jan Mursak 60 1 2 2
2 Matt Frattin Andy Andreoff 40 1 2 2
4 vs 4 Defense
Defense Defense Time % Phy DF OF
1 Keegan Lowe Dylan Blujus 60 1 2 2
2 Scott Harrington Jack Dougherty 40 1 2 2
Last Minutes Offensive
Center Left Wing Right Wing Defense Defense
Zemgus Girgensons Nick Foligno Matt Frattin Keegan Lowe Dylan Blujus
Last Minutes Defensive
Center Left Wing Right Wing Defense Defense
Zemgus Girgensons Nick Foligno Matt Frattin Keegan Lowe Dylan Blujus
Goaltenders
Starting : Justin Peters
Backup : Keven Bouchard
Extra Forwards
Normal : Warren Foegele, Maxim Letunov, Patrick Maroon - PP : Warren Foegele, Maxim Letunov - PK : Patrick Maroon
Extra Defensemen
Normal : Mason Geertsen, Adam Ollas-Mattsson, Scott Harrington - PP : Mason Geertsen - PK : Adam Ollas-Mattsson, Scott Harrington
Penalty Shots
Nick Foligno, Jan Mursak, Matt Frattin, Andy Andreoff, Tomas Jurco
Scratches
Michal Repik (Torn Right ACL Injury), Pontus Sjalin (Healthy), Stephon Williams (Healthy)
Rafales
5 vs 5 Forward
Center Left Wing Right Wing Time % Phy DF OF
1 Nathan Davis Carl Klingberg Andrew Shaw 40 1 2 2
2 Jayson Megna Chris Terry Brian Ferlin 30 1 2 2
3 Joe Labate Maksim Mayorov Tim Crowder 20 1 2 2
4 Ryan Bourque Ben Thomson Borna Rendulic 10 1 2 2
5 vs 5 Defense
Defense Defense Time % Phy DF OF
1 Bruno Gervais Connor Murphy 40 1 2 2
2 Julian Melchiori Dylan McIlrath 30 1 2 2
3 Joey Laleggia Slater Koekkoek 20 1 2 2
4 Bruno Gervais Connor Murphy 10 1 2 2
PowerPlay Forward
Center Left Wing Right Wing Time % Phy DF OF
1 Nathan Davis Carl Klingberg Andrew Shaw 60 1 2 2
2 Jayson Megna Chris Terry Brian Ferlin 40 1 2 2
PowerPlay Defense
Defense Defense Time % Phy DF OF
1 Bruno Gervais Connor Murphy 60 1 2 2
2 Julian Melchiori Dylan McIlrath 40 1 2 2
Penalty Kill 4 Players Forward
Center Wing Time % Phy DF OF
1 Andrew Shaw Carl Klingberg 60 1 2 2
2 Nathan Davis Brian Ferlin 40 1 2 2
Penalty Kill 4 Players Defense
Defense Defense Time % Phy DF OF
1 Bruno Gervais Connor Murphy 60 1 2 2
2 Julian Melchiori Dylan McIlrath 40 1 2 2
Penalty Kill - 3 Players Forward
Forward Time % Phy DF OF
1 Andrew Shaw 60 1 2 2
2 Carl Klingberg 40 1 2 2
Penalty Kill - 3 Players Defense
Defense Defense Time % Phy DF OF
1 Bruno Gervais Connor Murphy 60 1 2 2
2 Julian Melchiori Dylan McIlrath 40 1 2 2
4 vs 4 Forward
Center Wing Time % Phy DF OF
1 Andrew Shaw Carl Klingberg 60 1 2 2
2 Nathan Davis Brian Ferlin 40 1 2 2
4 vs 4 Defense
Defense Defense Time % Phy DF OF
1 Bruno Gervais Connor Murphy 60 1 2 2
2 Julian Melchiori Dylan McIlrath 40 1 2 2
Last Minutes Offensive
Center Left Wing Right Wing Defense Defense
Nathan Davis Carl Klingberg Andrew Shaw Bruno Gervais Connor Murphy
Last Minutes Defensive
Center Left Wing Right Wing Defense Defense
Nathan Davis Carl Klingberg Andrew Shaw Bruno Gervais Connor Murphy
Goaltenders
Starting : Leland Irving
Backup : Jake Allen
Extra Forwards
Normal : James Marcou, Akim Aliu, Tyrell Goulbourne - PP : James Marcou, Akim Aliu - PK : Tyrell Goulbourne
Extra Defensemen
Normal : Joey Laleggia, Slater Koekkoek, Julian Melchiori - PP : Joey Laleggia - PK : Slater Koekkoek, Julian Melchiori
Penalty Shots
Andrew Shaw, Carl Klingberg, Nathan Davis, Brian Ferlin, Tim Crowder
Scratches
David Broll (Healthy), Chris Driedger (Healthy), Sean Maguire (Healthy)
% Time on Ice - Senators
Lines # - Real PCT - Wanted PCT - Time Play
Normal Forward
1 - 34% - 40% - 15:27
2 - 30% - 30% - 13:39
3 - 22% - 20% - 9:53
4 - 15% - 10% - 6:41
Normal Defense
1 - 44% - 40% - 20:07
2 - 31% - 30% - 14:21
3 - 19% - 20% - 8:45
4 - 5% - 10% - 2:27
PP Forward
1 - 57% - 60% - 0:42
2 - 43% - 40% - 0:32
PP Defense
1 - 36% - 60% - 0:27
2 - 64% - 40% - 0:47
PK Forward
1 - 72% - 60% - 7:26
2 - 28% - 40% - 2:56
PK Defense
1 - 43% - 60% - 4:25
2 - 57% - 40% - 5:57
PK3 Forward
1 - 0% - 60%
2 - 0% - 40%
PK3 Defense
1 - 0% - 60%
2 - 0% - 40%
44 Forward
1 - 77% - 60% - 2:06
2 - 23% - 40% - 0:38
44 Defense
1 - 73% - 60% - 2:00
2 - 27% - 40% - 0:44
Last Minute Offensive - 0:00
Last Minute Defensive - 0:00
Total
Forward - 60:00
Defense - 60:00
|
% Time on Ice - Rafales
Lines # - Real PCT - Wanted PCT - Time Play
Normal Forward
1 - 32% - 40% - 14:46
2 - 26% - 30% - 11:44
3 - 26% - 20% - 11:39
4 - 16% - 10% - 7:31
Normal Defense
1 - 40% - 40% - 18:13
2 - 35% - 30% - 16:02
3 - 24% - 20% - 10:44
4 - 1% - 10% - 0:41
PP Forward
1 - 57% - 60% - 5:53
2 - 43% - 40% - 4:29
PP Defense
1 - 65% - 60% - 6:43
2 - 35% - 40% - 3:39
PK Forward
1 - 69% - 60% - 0:51
2 - 31% - 40% - 0:23
PK Defense
1 - 69% - 60% - 0:51
2 - 31% - 40% - 0:23
PK3 Forward
1 - 0% - 60%
2 - 0% - 40%
PK3 Defense
1 - 0% - 60%
2 - 0% - 40%
44 Forward
1 - 82% - 60% - 2:15
2 - 18% - 40% - 0:29
44 Defense
1 - 73% - 60% - 1:59
2 - 27% - 40% - 0:45
Last Minute Offensive - 0:00
Last Minute Defensive - 0:00
Total
Forward - 60:00
Defense - 60:00
|
Play-by-Play
1st period
0:01 of 1st period - Nathan Davis wins face-off versus Zemgus Girgensons in neutral zone.
0:26 of 1st period - Connor Murphy is hit by Jan Mursak and loses puck.
0:44 of 1st period - Icing by Julian Melchiori.
0:45 of 1st period - Jake Evans wins face-off versus Jayson Megna in Rafales zone.
0:53 of 1st period - Off-side.
0:54 of 1st period - Joe Labate wins face-off versus Jake Evans in neutral zone.
1:01 of 1st period - Slapshot by Joe Labate.
1:01 of 1st period - Shot Misses the Net.
1:03 of 1st period - Minor Penalty to Mason Geertsen for Roughing.
1:04 of 1st period - Nick Foligno wins face-off versus Nathan Davis in Senators zone.
2:57 of 1st period - Icing by Brian Ferlin.
2:58 of 1st period - Jayson Megna wins face-off versus Patrick Maroon in Rafales zone.
3:03 of 1st period - Penalty to Mason Geertsen is over, Mason Geertsen is back on ice.
3:47 of 1st period - Nathan Davis is hit by Chandler Stephenson and loses puck.
4:03 of 1st period - Off-side.
4:04 of 1st period - Matt Frattin wins face-off versus Joe Labate in neutral zone.
4:51 of 1st period - Julian Melchiori is hit by Dylan Blujus and loses puck.
5:54 of 1st period - Snap shot by Nathan Davis.
5:54 of 1st period - Shot Blocked by Patrick Maroon.
5:56 of 1st period - Snap shot by Nathan Davis.
5:56 of 1st period - Stopped by Justin Peters with a rebound.
6:14 of 1st period - Snap shot by Jan Mursak.
6:14 of 1st period - Shot Misses the Net.
6:16 of 1st period - Snap shot by Jan Mursak.
6:16 of 1st period - Stopped by Leland Irving without a rebound.
6:17 of 1st period - Matt Frattin wins face-off versus Nathan Davis in Rafales zone.
6:42 of 1st period - Dylan Blujus is hit by Jayson Megna and loses puck.
6:59 of 1st period - Minor Penalty to Chandler Stephenson for Roughing.
7:00 of 1st period - Nick Foligno wins face-off versus Nathan Davis in Senators zone.
7:05 of 1st period - Bruno Gervais is hit by Jan Mursak and loses puck.
7:34 of 1st period - Wrist shot by Brian Ferlin.
7:34 of 1st period - Deflect By Chris Terry.
7:34 of 1st period - Stopped by Justin Peters with a rebound.
8:18 of 1st period - Matt Frattin is hit by Chris Terry and loses puck.
8:59 of 1st period - Penalty to Chandler Stephenson is over, Chandler Stephenson is back on ice.
9:07 of 1st period - Snap shot by Patrick Maroon.
9:07 of 1st period - Shot Misses the Net.
9:19 of 1st period - Scott Harrington is hit by Joe Labate and loses puck.
9:30 of 1st period - Wrist shot by Nick Foligno.
9:30 of 1st period - Shot Misses the Net.
9:42 of 1st period - Wrist shot by Brett Bulmer.
9:42 of 1st period - Shot Misses the Net.
9:44 of 1st period - Snap shot by Warren Foegele.
9:44 of 1st period - Shot Misses the Net.
9:46 of 1st period - Slapshot by Adam Ollas-Mattsson.
9:46 of 1st period - Shot Blocked by Ben Thomson.
10:09 of 1st period - Tim Crowder is hit by Zemgus Girgensons and loses puck.
10:44 of 1st period - Snap shot by Chris Terry.
10:44 of 1st period - Stopped by Justin Peters with a rebound.
10:56 of 1st period - Snap shot by Grant Besse.
10:56 of 1st period - Stopped by Leland Irving without a rebound.
10:57 of 1st period - Jake Evans wins face-off versus Ryan Bourque in Rafales zone.
10:58 of 1st period - Snap shot by Grant Besse.
10:58 of 1st period - Stopped by Leland Irving without a rebound.
10:59 of 1st period - Jake Evans wins face-off versus Ryan Bourque in Rafales zone.
11:14 of 1st period - Slapshot by Connor Murphy.
11:14 of 1st period - Deflect By Dylan Blujus.
11:14 of 1st period - Goal by Connor Murphy - Senators : 0 - Rafales : 1.
11:15 of 1st period - Nathan Davis wins face-off versus Zemgus Girgensons in neutral zone.
11:17 of 1st period - Off-side.
11:18 of 1st period - Nathan Davis wins face-off versus Zemgus Girgensons in neutral zone.
12:25 of 1st period - Snap shot by Andy Andreoff.
12:25 of 1st period - Stopped by Leland Irving with a rebound.
13:00 of 1st period - Wrist shot by Patrick Maroon.
13:00 of 1st period - Stopped by Leland Irving with a rebound.
13:18 of 1st period - Snap shot by Tim Crowder.
13:18 of 1st period - Stopped by Justin Peters with a rebound.
13:48 of 1st period - Snap shot by Andrew Shaw.
13:48 of 1st period - Stopped by Justin Peters without a rebound.
13:49 of 1st period - Jake Evans wins face-off versus Nathan Davis in Senators zone.
13:54 of 1st period - Wrist shot by Andrew Shaw.
13:54 of 1st period - Deflect By Carl Klingberg.
13:54 of 1st period - Goal by Carl Klingberg - Senators : 0 - Rafales : 2.
13:55 of 1st period - Nick Foligno wins face-off versus Nathan Davis in neutral zone.
14:02 of 1st period - Slapshot by Zemgus Girgensons.
14:02 of 1st period - Shot Misses the Net.
14:20 of 1st period - Jan Mursak is hit by Jayson Megna and loses puck.
14:35 of 1st period - Minor Penalty to Jayson Megna for Boarding.
14:36 of 1st period - Zemgus Girgensons wins face-off versus Andrew Shaw in Rafales zone.
14:45 of 1st period - Carl Klingberg is hit by Zemgus Girgensons.
15:01 of 1st period - Bruno Gervais is hit by Chandler Stephenson and loses puck.
15:42 of 1st period - Minor Penalty to Jan Mursak for Hooking.
15:43 of 1st period - Nick Foligno wins face-off versus Andrew Shaw in Senators zone.
15:54 of 1st period - Wrist shot by Nick Foligno.
15:54 of 1st period - Stopped by Leland Irving without a rebound.
15:55 of 1st period - Nick Foligno wins face-off versus Andrew Shaw in Rafales zone.
15:56 of 1st period - Slapshot by Keegan Lowe.
15:56 of 1st period - Shot Blocked by Connor Murphy.
16:06 of 1st period - Bruno Gervais is hit by Nick Foligno and loses puck.
16:19 of 1st period - Connor Murphy is hit by Nick Foligno and loses puck.
16:35 of 1st period - Penalty to Jayson Megna is over, Jayson Megna is back on ice.
17:42 of 1st period - Penalty to Jan Mursak is over, Jan Mursak is back on ice.
17:46 of 1st period - Julian Melchiori is hit by Scott Harrington.
19:02 of 1st period - Bruno Gervais is hit by Scott Harrington and loses puck.
19:52 of 1st period - Slapshot by Dylan Blujus.
19:52 of 1st period - Stopped by Leland Irving without a rebound.
19:53 of 1st period - Nathan Davis wins face-off versus Zemgus Girgensons in Rafales zone.
Goals for this period are 0 for Senators vs 2 for Rafales.
Shots for this period are 7 for Senators vs 7 for Rafales.
2nd period
0:01 of 2nd period - Nathan Davis wins face-off versus Zemgus Girgensons in neutral zone.
0:28 of 2nd period - Snap shot by Tomas Jurco.
0:28 of 2nd period - Deflect By Chandler Stephenson.
0:28 of 2nd period - Shot Blocked by Connor Murphy.
0:28 of 2nd period - Puck is out of play.
0:29 of 2nd period - Chandler Stephenson wins face-off versus Jayson Megna in Rafales zone.
0:36 of 2nd period - Snap shot by Jan Mursak.
0:36 of 2nd period - Shot Blocked by Chris Terry.
0:59 of 2nd period - Off-side.
1:00 of 2nd period - Zemgus Girgensons wins face-off versus Nathan Davis in neutral zone.
1:46 of 2nd period - Snap shot by Andy Andreoff.
1:46 of 2nd period - Shot Misses the Net.
1:48 of 2nd period - Wrist shot by Grant Besse.
1:48 of 2nd period - Shot Misses the Net.
1:50 of 2nd period - Snap shot by Grant Besse.
1:50 of 2nd period - Shot Blocked by Maksim Mayorov.
2:28 of 2nd period - Wrist shot by Nick Foligno.
2:28 of 2nd period - Stopped by Leland Irving without a rebound.
2:29 of 2nd period - Zemgus Girgensons wins face-off versus Nathan Davis in Rafales zone.
2:46 of 2nd period - Slapshot by Dylan Blujus.
2:46 of 2nd period - Shot Misses the Net.
2:56 of 2nd period - Keegan Lowe is hit by Chris Terry and loses puck.
3:13 of 2nd period - Snap shot by Maksim Mayorov.
3:13 of 2nd period - Stopped by Justin Peters with a rebound.
3:38 of 2nd period - Chandler Stephenson is hit by Ben Thomson and loses puck.
4:51 of 2nd period - Snap shot by Tim Crowder.
4:51 of 2nd period - Goal by Tim Crowder - Senators : 0 - Rafales : 3.
4:52 of 2nd period - Andrew Shaw wins face-off versus Chandler Stephenson in neutral zone.
4:57 of 2nd period - Snap shot by Andrew Shaw.
4:57 of 2nd period - Shot Misses the Net.
5:22 of 2nd period - Matt Frattin is hit by Connor Murphy.
5:45 of 2nd period - Off-side.
5:46 of 2nd period - Grant Besse wins face-off versus Nathan Davis in neutral zone.
6:11 of 2nd period - Wrist shot by Grant Besse.
6:11 of 2nd period - Shot Misses the Net.
6:17 of 2nd period - Wrist shot by Andy Andreoff.
6:17 of 2nd period - Shot Blocked by Joey Laleggia.
6:23 of 2nd period - Slapshot by Andy Andreoff.
6:23 of 2nd period - Stopped by Leland Irving without a rebound.
6:24 of 2nd period - Nathan Davis wins face-off versus Zemgus Girgensons in Rafales zone.
6:51 of 2nd period - Brian Ferlin is hit by Jan Mursak and loses puck.
6:58 of 2nd period - Jan Mursak is hit by Chris Terry and loses puck.
7:19 of 2nd period - Keegan Lowe is hit by Maksim Mayorov and loses puck.
7:45 of 2nd period - Andrew Shaw is hit by Jake Evans.
7:51 of 2nd period - Minor Penalty to Jake Evans for Tripping.
7:52 of 2nd period - Nick Foligno wins face-off versus Nathan Davis in Senators zone.
7:52 of 2nd period - Nick Foligno is hit by Nathan Davis.
8:08 of 2nd period - Snap shot by Andrew Shaw.
8:08 of 2nd period - Deflect By Nathan Davis.
8:08 of 2nd period - Shot Misses the Net.
8:08 of 2nd period - Puck is out of play.
8:09 of 2nd period - Jan Mursak wins face-off versus Nathan Davis in Senators zone.
9:30 of 2nd period - Keegan Lowe is hit by Connor Murphy and loses puck.
9:51 of 2nd period - Penalty to Jake Evans is over, Jake Evans is back on ice.
10:45 of 2nd period - Slapshot by Tim Crowder.
10:45 of 2nd period - Shot Misses the Net.
10:47 of 2nd period - Slapshot by Joe Labate.
10:47 of 2nd period - Stopped by Justin Peters without a rebound.
10:48 of 2nd period - Blake Coleman wins face-off versus Joe Labate in Senators zone.
11:13 of 2nd period - Slapshot by Tim Crowder.
11:13 of 2nd period - Shot Blocked by Keegan Lowe.
11:15 of 2nd period - Wrist shot by Joey Laleggia.
11:15 of 2nd period - Shot Misses the Net.
11:17 of 2nd period - Slapshot by Slater Koekkoek.
11:17 of 2nd period - Shot Blocked by Keegan Lowe.
11:40 of 2nd period - Keegan Lowe is hit by Joe Labate and loses puck.
11:55 of 2nd period - Snap shot by Tim Crowder.
11:55 of 2nd period - Shot Misses the Net.
12:47 of 2nd period - Minor Penalty to Dylan Blujus for Hooking.
12:48 of 2nd period - Matt Frattin wins face-off versus Carl Klingberg in Senators zone.
12:48 of 2nd period - Matt Frattin is hit by Carl Klingberg.
13:13 of 2nd period - Andy Andreoff is hit by Chris Terry and loses puck.
14:14 of 2nd period - Adam Ollas-Mattsson is hit by Andrew Shaw.
14:30 of 2nd period - Andy Andreoff is hit by Chris Terry and loses puck.
14:47 of 2nd period - Penalty to Dylan Blujus is over, Dylan Blujus is back on ice.
15:06 of 2nd period - Borna Rendulic is hit by Grant Besse and loses puck.
15:55 of 2nd period - Julian Melchiori is hit by Tomas Jurco and loses puck.
16:08 of 2nd period - Dylan McIlrath is hit by Patrick Maroon and loses puck.
17:01 of 2nd period - Dylan McIlrath is hit by Patrick Maroon and loses puck.
17:08 of 2nd period - Brett Bulmer is hit by Ryan Bourque and loses puck.
17:30 of 2nd period - Icing by Chris Terry.
17:31 of 2nd period - Zemgus Girgensons wins face-off versus Joe Labate in Rafales zone.
17:32 of 2nd period - Snap shot by Matt Frattin.
17:32 of 2nd period - Goal by Matt Frattin - Senators : 1 - Rafales : 3.
17:33 of 2nd period - Nathan Davis wins face-off versus Zemgus Girgensons in neutral zone.
17:38 of 2nd period - Wrist shot by Matt Frattin.
17:38 of 2nd period - Shot Misses the Net.
19:33 of 2nd period - Snap shot by Jan Mursak.
19:33 of 2nd period - Shot Misses the Net.
19:52 of 2nd period - Snap shot by Tim Crowder.
19:52 of 2nd period - Deflect By Joe Labate.
19:52 of 2nd period - Shot Blocked by Adam Ollas-Mattsson.
19:52 of 2nd period - Puck is out of play.
19:53 of 2nd period - Matt Frattin wins face-off versus Nathan Davis in Senators zone.
19:53 of 2nd period - Matt Frattin is hit by Carl Klingberg.
Goals for this period are 1 for Senators vs 1 for Rafales.
Shots for this period are 3 for Senators vs 3 for Rafales.
3rd period
0:01 of 3rd period - Zemgus Girgensons wins face-off versus Nathan Davis in neutral zone.
0:08 of 3rd period - Nathan Davis is hit by Nick Foligno and loses puck.
0:15 of 3rd period - Slapshot by Bruno Gervais.
0:15 of 3rd period - Shot Misses the Net.
0:34 of 3rd period - Wrist shot by Jan Mursak.
0:34 of 3rd period - Shot Hit the Post.
0:36 of 3rd period - Slapshot by Keegan Lowe.
0:36 of 3rd period - Shot Blocked by Jayson Megna.
0:55 of 3rd period - Slapshot by Andy Andreoff.
0:55 of 3rd period - Shot Blocked by Dylan McIlrath.
0:57 of 3rd period - Snap shot by Andy Andreoff.
0:57 of 3rd period - Shot Misses the Net.
1:04 of 3rd period - Icing by Maksim Mayorov.
1:05 of 3rd period - Joe Labate wins face-off versus Blake Coleman in Rafales zone.
1:05 of 3rd period - Joe Labate is hit by Brett Bulmer.
1:11 of 3rd period - Snap shot by Carl Klingberg.
1:11 of 3rd period - Stopped by Justin Peters without a rebound.
1:12 of 3rd period - Matt Frattin wins face-off versus Nathan Davis in Senators zone.
1:27 of 3rd period - Snap shot by Andrew Shaw.
1:27 of 3rd period - Shot Misses the Net.
1:37 of 3rd period - Wrist shot by Tim Crowder.
1:37 of 3rd period - Stopped by Justin Peters with a rebound.
1:39 of 3rd period - Slapshot by Joey Laleggia.
1:39 of 3rd period - Shot Misses the Net.
1:41 of 3rd period - Snap shot by Joe Labate.
1:41 of 3rd period - Shot Misses the Net.
1:43 of 3rd period - Slapshot by Joey Laleggia.
1:43 of 3rd period - Stopped by Justin Peters without a rebound.
1:44 of 3rd period - Joe Labate wins face-off versus Chandler Stephenson in Senators zone.
1:45 of 3rd period - Slapshot by Maksim Mayorov.
1:45 of 3rd period - Stopped by Justin Peters with a rebound.
1:59 of 3rd period - Snap shot by Jan Mursak.
1:59 of 3rd period - Stopped by Leland Irving with a rebound.
2:12 of 3rd period - Off-side.
2:13 of 3rd period - Nathan Davis wins face-off versus Jake Evans in neutral zone.
2:22 of 3rd period - Snap shot by Andrew Shaw.
2:22 of 3rd period - Stopped by Justin Peters with a rebound.
2:24 of 3rd period - Slapshot by Bruno Gervais.
2:24 of 3rd period - Stopped by Justin Peters without a rebound.
2:25 of 3rd period - Zemgus Girgensons wins face-off versus Nathan Davis in Senators zone.
2:25 of 3rd period - Zemgus Girgensons is hit by Andrew Shaw.
2:35 of 3rd period - Snap shot by Nick Foligno.
2:35 of 3rd period - Shot Misses the Net.
2:38 of 3rd period - Icing by Connor Murphy.
2:39 of 3rd period - Zemgus Girgensons wins face-off versus Nathan Davis in Rafales zone.
2:44 of 3rd period - Slapshot by Matt Frattin.
2:44 of 3rd period - Deflect By Nick Foligno.
2:44 of 3rd period - Shot Misses the Net.
2:44 of 3rd period - Puck is out of play.
2:45 of 3rd period - Nathan Davis wins face-off versus Zemgus Girgensons in Rafales zone.
3:10 of 3rd period - Wrist shot by Grant Besse.
3:10 of 3rd period - Stopped by Leland Irving with a rebound.
3:18 of 3rd period - Wrist shot by Chris Terry.
3:18 of 3rd period - Shot Misses the Net.
3:20 of 3rd period - Snap shot by Brian Ferlin.
3:20 of 3rd period - Stopped by Justin Peters with a rebound.
3:22 of 3rd period - Wrist shot by Chris Terry.
3:22 of 3rd period - Goal by Chris Terry - Senators : 1 - Rafales : 4.
3:22 of 3rd period - Keven Bouchard enters game.
3:23 of 3rd period - Zemgus Girgensons wins face-off versus Nathan Davis in neutral zone.
3:57 of 3rd period - Snap shot by Jan Mursak.
3:57 of 3rd period - Shot Blocked by Bruno Gervais.
4:13 of 3rd period - Wrist shot by Bruno Gervais.
4:13 of 3rd period - Stopped by Keven Bouchard without a rebound.
4:14 of 3rd period - Joe Labate wins face-off versus Jake Evans in Senators zone.
4:15 of 3rd period - Wrist shot by Maksim Mayorov.
4:15 of 3rd period - Shot Misses the Net.
4:45 of 3rd period - Carl Klingberg is hit by Keegan Lowe and loses puck.
4:50 of 3rd period - Backhand shot by Matt Frattin.
4:50 of 3rd period - Goal by Matt Frattin - Senators : 2 - Rafales : 4.
4:51 of 3rd period - Nathan Davis wins face-off versus Zemgus Girgensons in neutral zone.
5:51 of 3rd period - Slapshot by Jan Mursak.
5:51 of 3rd period - Shot Misses the Net.
6:17 of 3rd period - Slapshot by Scott Harrington.
6:17 of 3rd period - Shot Blocked by Dylan McIlrath.
6:19 of 3rd period - Backhand shot by Chandler Stephenson.
6:19 of 3rd period - Deflect By Jan Mursak.
6:19 of 3rd period - Shot Misses the Net.
6:19 of 3rd period - Puck is out of play.
6:20 of 3rd period - Nathan Davis wins face-off versus Zemgus Girgensons in Rafales zone.
6:30 of 3rd period - Dylan Blujus is hit by Nathan Davis.
7:20 of 3rd period - Joey Laleggia is hit by Mason Geertsen and loses puck.
7:54 of 3rd period - Off-side.
7:55 of 3rd period - Ryan Bourque wins face-off versus Jake Evans in neutral zone.
8:04 of 3rd period - Wrist shot by Borna Rendulic.
8:04 of 3rd period - Shot Blocked by Scott Harrington.
8:10 of 3rd period - Wrist shot by Borna Rendulic.
8:10 of 3rd period - Shot Blocked by Jack Dougherty.
8:12 of 3rd period - Slapshot by Bruno Gervais.
8:12 of 3rd period - Shot Blocked by Scott Harrington.
8:14 of 3rd period - Wrist shot by Borna Rendulic.
8:14 of 3rd period - Deflect By Ben Thomson.
8:14 of 3rd period - Shot Misses the Net.
8:14 of 3rd period - Puck is out of play.
8:15 of 3rd period - Zemgus Girgensons wins face-off versus Nathan Davis in Senators zone.
8:24 of 3rd period - Snap shot by Andrew Shaw.
8:24 of 3rd period - Goal by Andrew Shaw - Senators : 2 - Rafales : 5.
8:25 of 3rd period - Nathan Davis wins face-off versus Zemgus Girgensons in neutral zone.
9:13 of 3rd period - Snap shot by Maksim Mayorov.
9:13 of 3rd period - Shot Misses the Net.
9:15 of 3rd period - Slapshot by Connor Murphy.
9:15 of 3rd period - Deflect By Tim Crowder.
9:15 of 3rd period - Shot Misses the Net.
9:15 of 3rd period - Puck is out of play.
9:16 of 3rd period - Zemgus Girgensons wins face-off versus Joe Labate in Senators zone.
9:16 of 3rd period - Matt Frattin is hit by Maksim Mayorov and loses puck.
9:25 of 3rd period - Snap shot by Nick Foligno.
9:25 of 3rd period - Shot Misses the Net.
9:27 of 3rd period - Wrist shot by Scott Harrington.
9:27 of 3rd period - Stopped by Leland Irving without a rebound.
9:28 of 3rd period - Nathan Davis wins face-off versus Zemgus Girgensons in Rafales zone.
9:39 of 3rd period - Slapshot by Matt Frattin.
9:39 of 3rd period - Shot Misses the Net.
9:41 of 3rd period - Slapshot by Nick Foligno.
9:41 of 3rd period - Shot Misses the Net.
9:43 of 3rd period - Snap shot by Zemgus Girgensons.
9:43 of 3rd period - Stopped by Leland Irving with a rebound.
9:52 of 3rd period - Brian Ferlin is hit by Dylan Blujus and loses puck.
9:59 of 3rd period - Wrist shot by Chris Terry.
9:59 of 3rd period - Stopped by Keven Bouchard with a rebound.
10:01 of 3rd period - Snap shot by Julian Melchiori.
10:01 of 3rd period - Shot Misses the Net.
10:03 of 3rd period - Wrist shot by Brian Ferlin.
10:03 of 3rd period - Shot Blocked by Dylan Blujus.
10:21 of 3rd period - Minor Penalty to Ben Thomson for Holding.
10:22 of 3rd period - Andrew Shaw wins face-off versus Zemgus Girgensons in Rafales zone.
10:26 of 3rd period - Snap shot by Carl Klingberg.
10:26 of 3rd period - Stopped by Keven Bouchard with a rebound.
10:28 of 3rd period - Minor Penalty to Jack Dougherty for Hooking.
10:29 of 3rd period - Nick Foligno wins face-off versus Andrew Shaw in Senators zone.
11:39 of 3rd period - Slapshot by Julian Melchiori.
11:39 of 3rd period - Deflect By James Marcou.
11:39 of 3rd period - Shot Misses the Net.
11:39 of 3rd period - Puck is out of play.
11:40 of 3rd period - Nick Foligno wins face-off versus James Marcou in Senators zone.
11:49 of 3rd period - Wrist shot by Jan Mursak.
11:49 of 3rd period - Stopped by Leland Irving with a rebound.
11:51 of 3rd period - Wrist shot by Nick Foligno.
11:51 of 3rd period - Shot Blocked by Julian Melchiori.
12:21 of 3rd period - Penalty to Ben Thomson is over, Ben Thomson is back on ice.
12:23 of 3rd period - Carl Klingberg is hit by Adam Ollas-Mattsson.
12:28 of 3rd period - Penalty to Jack Dougherty is over, Jack Dougherty is back on ice.
12:37 of 3rd period - Snap shot by Andrew Shaw.
12:37 of 3rd period - Goal by Andrew Shaw - Senators : 2 - Rafales : 6.
12:38 of 3rd period - Matt Frattin wins face-off versus Jayson Megna in neutral zone.
12:41 of 3rd period - Jayson Megna is hit by Dylan Blujus and loses puck.
12:46 of 3rd period - Slapshot by Matt Frattin.
12:46 of 3rd period - Deflect By Nick Foligno.
12:46 of 3rd period - Goal by Nick Foligno - Senators : 3 - Rafales : 6.
12:47 of 3rd period - Zemgus Girgensons wins face-off versus Nathan Davis in neutral zone.
13:33 of 3rd period - Maksim Mayorov is hit by Keegan Lowe and loses puck.
13:45 of 3rd period - Minor Penalty to Brett Bulmer for Tripping.
13:46 of 3rd period - Nick Foligno wins face-off versus Nathan Davis in Senators zone.
13:55 of 3rd period - Snap shot by Nick Foligno.
13:55 of 3rd period - Stopped by Leland Irving without a rebound.
13:56 of 3rd period - Nathan Davis wins face-off versus Nick Foligno in Rafales zone.
14:45 of 3rd period - Slapshot by Andrew Shaw.
14:45 of 3rd period - Shot Misses the Net.
14:47 of 3rd period - Snap shot by Nathan Davis.
14:47 of 3rd period - Shot Blocked by Jan Mursak.
14:49 of 3rd period - Wrist shot by Carl Klingberg.
14:49 of 3rd period - Shot Misses the Net.
14:51 of 3rd period - Snap shot by Nathan Davis.
14:51 of 3rd period - Deflect By Andrew Shaw.
14:51 of 3rd period - Stopped by Keven Bouchard with a rebound.
14:55 of 3rd period - Slapshot by Andrew Shaw.
14:55 of 3rd period - Shot Misses the Net.
14:57 of 3rd period - Wrist shot by Connor Murphy.
14:57 of 3rd period - Goal by Connor Murphy - Senators : 3 - Rafales : 7.
14:58 of 3rd period - Jayson Megna wins face-off versus Jake Evans in neutral zone.
15:09 of 3rd period - Wrist shot by Jake Evans.
15:09 of 3rd period - Stopped by Leland Irving without a rebound.
15:10 of 3rd period - Jake Evans wins face-off versus Chris Terry in Rafales zone.
15:37 of 3rd period - Tim Crowder is hit by Keegan Lowe and loses puck.
16:04 of 3rd period - Dylan McIlrath is hit by Scott Harrington and loses puck.
16:28 of 3rd period - Patrick Maroon is hit by Borna Rendulic and loses puck.
16:42 of 3rd period - Off-side.
16:43 of 3rd period - Jake Evans wins face-off versus Jayson Megna in neutral zone.
16:53 of 3rd period - Snap shot by Grant Besse.
16:53 of 3rd period - Deflect By Brian Ferlin.
16:53 of 3rd period - Stopped by Leland Irving with a rebound.
16:55 of 3rd period - Slapshot by Keegan Lowe.
16:55 of 3rd period - Stopped by Leland Irving without a rebound.
16:56 of 3rd period - Carl Klingberg wins face-off versus Zemgus Girgensons in Rafales zone.
17:21 of 3rd period - Chris Terry is hit by Jan Mursak and loses puck.
17:28 of 3rd period - Snap shot by Chandler Stephenson.
17:28 of 3rd period - Shot Blocked by Bruno Gervais.
17:46 of 3rd period - Wrist shot by Ben Thomson.
17:46 of 3rd period - Stopped by Keven Bouchard without a rebound.
17:47 of 3rd period - Ryan Bourque wins face-off versus Zemgus Girgensons in Senators zone.
18:12 of 3rd period - Zemgus Girgensons is hit by Julian Melchiori and loses puck.
18:37 of 3rd period - Wrist shot by Nick Foligno.
18:37 of 3rd period - Stopped by Leland Irving without a rebound.
18:38 of 3rd period - Chandler Stephenson wins face-off versus Nathan Davis in Rafales zone.
18:41 of 3rd period - Snap shot by Jan Mursak.
18:41 of 3rd period - Deflect By Chandler Stephenson.
18:41 of 3rd period - Stopped by Leland Irving without a rebound.
18:42 of 3rd period - Nathan Davis wins face-off versus Chandler Stephenson in Rafales zone.
18:49 of 3rd period - Wrist shot by Nathan Davis.
18:49 of 3rd period - Stopped by Keven Bouchard with a rebound.
19:32 of 3rd period - Wrist shot by Nick Foligno.
19:32 of 3rd period - Shot Blocked by Julian Melchiori.
19:34 of 3rd period - Slapshot by Dylan Blujus.
19:34 of 3rd period - Stopped by Leland Irving with a rebound.
19:36 of 3rd period - Snap shot by Zemgus Girgensons.
19:36 of 3rd period - Shot Misses the Net.
19:40 of 3rd period - Snap shot by Zemgus Girgensons.
19:40 of 3rd period - Shot Misses the Net.
19:42 of 3rd period - Wrist shot by Matt Frattin.
19:42 of 3rd period - Stopped by Leland Irving without a rebound.
19:43 of 3rd period - Jake Evans wins face-off versus Nathan Davis in Rafales zone.
Goals for this period are 2 for Senators vs 4 for Rafales.
Shots for this period are 15 for Senators vs 17 for Rafales.
Back to the Top